 Dungeon Crawl Stone Soup version 0.26.1-11-gd32895ea62 (webtiles) character file.

Game seed: 6722100847365436446

156 Zeld the Slasher (level 5, 0/38 HPs)
             Began as a Human Gladiator on June 4, 2021.
             Succumbed to an adder's poison
             ... on level 2 of the Dungeon.
             The game lasted 00:01:50 (2423 turns).

Zeld the Slasher (Human Gladiator)                  Turns: 2423, Time: 00:01:50

Health: 0/38       AC:  5    Str: 15    XL:     5   Next: 64%
Magic:  5/5        EV: 13    Int:  8    God:
Gold:   114        SH:  0    Dex: 15    Spells: 4/4 levels left

rFire    . . .     SeeInvis .   a - +0 long sword
rCold    . . .     Faith    .   (no shield)
rNeg     . . .     Spirit   .   b - +0 leather armour
rPois    .         Reflect  .   c - +0 helmet
rElec    .         Harm     .   (no cloak)
rCorr    .         Rampage  .   (no gloves)
Will     .....                  l - +0 pair of boots
Stlth    +.........             (no amulet)
HPRegen  0.12/turn              (no ring)
MPRegen  0.09/turn              (no ring)

@: lethally poisoned (0 -> -4)
A: no striking features
a: no special abilities


You were on level 2 of the Dungeon.
You visited 1 branch of the dungeon, and saw 3 of its levels.

You collected 114 gold pieces.

Inventory:

Hand Weapons
 a - a +0 long sword (weapon)
Missiles
 d - 3 throwing nets
 g - 17 poisoned darts (quivered)
 m - 2 boomerangs
Armour
 b - a +0 leather armour (worn)
 c - a +0 helmet (worn)
 l - a +0 pair of boots (worn)
Jewellery
 n - an uncursed ring of protection from cold {unknown}
Scrolls
 e - 7 scrolls of identify {unknown}
 h - a scroll of random uselessness {unknown}
 j - 5 scrolls of remove curse {unknown}
 k - a scroll of fear {unknown}
 o - a scroll of immolation {unknown}
 p - 2 scrolls of amnesia {unknown}
 q - a scroll of enchant weapon {unknown}
 s - 2 scrolls of magic mapping {unknown}
Potions
 f - a potion of heal wounds {unknown}
 i - a potion of magic {unknown}
 r - a potion of curing {unknown}
 t - a potion of degeneration {unknown}


   Skills:
 - Level 2.0 Fighting
 * Level 5.9 Long Blades
 - Level 2.0 Throwing
 - Level 3.0 Dodging


You had 4 spell levels left.
You didn't know any spells.
Your spell library was empty.

Dungeon Overview and Level Annotations

Branches:
Dungeon (3/15)

Altars:
Trog


Message History

The bat barely misses you.
The leopard gecko bites you but does no damage.
You climb upwards.
You feel sick.
There is a stone staircase leading down here.
You closely miss the leopard gecko.
The leopard gecko is almost dead.
You feel sick.
The kobold hits you with a +0 short sword.
* * * LOW HITPOINT WARNING * * *
The leopard gecko bites you but does no damage.
The kobold hits you with a +0 short sword.
* * * LOW HITPOINT WARNING * * *
You miss the leopard gecko.
The leopard gecko is almost dead.
The leopard gecko barely misses you.
The kobold hits you with a +0 short sword.
* * * LOW HITPOINT WARNING * * *
You hit the leopard gecko but do no damage.
The leopard gecko is almost dead.
You die...

.......### #....<..#.#.######
.........# #.#.....#........#
.......#)## #.#.........####.#
########..# #...#...##..# #(#
##.# ####.#.......####.# #.##
#....#.#........#.# #.(#
#...##.####.###.#.#
##########.####...##....#...#...#
..........((...K@l#####.#.#######
########....###...#####...#
#....# #......###### #....#
#......# #....# #......#
#....###...#### # #.....##...# #
#...#.##...# # #...#.###.##


You could see a leopard gecko and a kobold.

Vanquished Creatures
  A bullfrog skeleton (D:2)
  6 adders
  An ooze (D:1)
  2 worms
  6 dart slugs
  A ball python (D:2)
  4 bats
  2 giant cockroaches (D:2)
  6 goblins
  4 hobgoblins
  13 kobolds
  2 quokkas (D:3)
  7 rats
55 creatures vanquished.

Notes
Turn   | Place    | Note
-------+----------+-------------------------------------------
     0 | D:1      | Zeld the Human Gladiator began the quest for the Orb.
     0 | D:1      | Reached XP level 1. HP: 16/16 MP: 1/1
   305 | D:1      | Reached XP level 2. HP: 22/22 MP: 2/2
   468 | D:1      | Reached skill level 4 in Long Blades
   468 | D:1      | Reached XP level 3. HP: 18/27 MP: 3/3
  1017 | D:2      | Found a faded altar of an unknown god.
  1252 | D:2      | Found a bloodstained altar of Trog.
  1262 | D:2      | Reached XP level 4. HP: 33/33 MP: 4/4
  1294 | D:2      | Reached skill level 5 in Long Blades
  1611 | D:2      | Reached XP level 5. HP: 38/38 MP: 5/5
  2422 | D:2      | HP: 1/38 [kobold/+0 short sword (1)]
  2423 | D:2      | Succumbed to an adder's poison

Illustrated notes

Levels and vault maps discovered:
D:1:      lemuel_arrival_hallway, layout_rooms
D:2:      layout_basic, nicolae_overflow_crystal_walls,
          chequers_ecumenical_altar_simple, kennysheep_pointless_box,
          minivault_26, grunt_ministairs_2, minivault_5
D:3:      layout_loops_cross, makhleb_altar_promises_db, gammafunk_ghost_split

Skill      XL: |  1  2  3  4 |
---------------+-------------+-----
Long Blades    | 4 5 |  5.9
Fighting       | |  2.0
Throwing       | |  2.0
Dodging        | |  3.0

Action                   |  1- 3 |  4- 6 || total
-------------------------+-------+-------++-------
Melee: Long sword        |    88 |    71 ||   159
Armor: Leather armour    |    36 |    43 ||    79
Dodge: Dodged            |    72 |    76 ||   148
       Rpst.: Long sword |    20 |    19 ||    39
